TOP OF THE 1ST |
Belvedere Park Rawhides batting - Pitching for Asheville Highlanders : LHP Andy Hayden
|
Pitching: LHP Andy Hayden
|
|
Batting: LHB Gustavo Vázquez
|
0-0: Ball 1-0: Ball 2-0: Ball 3-0: Called Strike 3-1: Base on Balls
|
Batting: RHB Ralph McKnight
|
0-0: Ball Gustavo Vázquez is caught stealing 2nd base 1-0: Swinging Strike 1-1: Foul Ball, location: 2F 1-2: Ball 2-2: Ball 3-2: Base on Balls
|
Batting: RHB Bob Sargent
|
0-0: Called Strike 0-1: Foul Ball, location: 2F 0-2: Ball 1-2: Foul Ball, location: 2F 1-2: SINGLE (Popup, 8RS) Ralph McKnight to second Ralph McKnight to third
|
Batting: LHB Christian Blair
|
0-0: Ball 1-0: Called Strike 1-1: Ball 2-1: Ball 3-1: Swinging Strike 3-2: Fly out, F7 (Flyball, 7M) Runner from 3rd tags up, SCORES, no throw
|
Batting: SHB Phil Moore
|
0-0: Foul Ball, location: 2F 0-1: Ball 1-1: Swinging Strike 1-2: Hit by Pitch Bob Sargent to second
|
Batting: SHB Ron Bunch
|
0-0: Ball 1-0: Foul Ball, location: 2F 1-1: Ball 2-1: Foul Ball, location: 2F 2-2: Fly out, F9 (Flyball, 89M)
|
Top of the 1st over - 1 run(s), 1 hit(s), 0 error(s), 2 left on base; Belvedere Park 1 - Asheville 0 |
BOTTOM OF THE 1ST |
Asheville Highlanders batting - Pitching for Belvedere Park Rawhides : RHP Timothy Jackson
|
Pitching: RHP Timothy Jackson
|
|
Batting: RHB Armando Alvarado
|
0-0: Foul Ball, location: 2F 0-1: Ball 1-1: Ball 2-1: Ball 3-1: Base on Balls
|
Batting: SHB Craig Barnes
|
0-0: Ball Armando Alvarado steals 2nd base 1-0: Foul Ball, location: 2F 1-1: Swinging Strike 1-2: Strikes out swinging
|
Batting: RHB Chris Oudekirk
|
0-0: Ball 1-0: SINGLE (Line Drive, 8LS) Armando Alvarado to third
|
Batting: LHB Robert Adams
|
0-0: Swinging Strike 0-1: Called Strike 0-2: Fly out, F8 (Flyball, 8LXD) Runner from 3rd tags up, SCORES, no throw
|
Batting: SHB Chris Cordell
|
0-0: Ball 1-0: Ball 2-0: Ball 3-0: Base on Balls Chris Oudekirk to second
|
Batting: RHB Cristián Cruz
|
0-0: Ball 1-0: Ball 2-0: Ball 3-0: Base on Balls Chris Oudekirk to third Chris Cordell to second
|
Batting: RHB Bill Manning
|
0-0: Ball 1-0: DOUBLE (Flyball, 89D) Chris Oudekirk scores Chris Cordell scores Cristián Cruz to third
|
Batting: LHB Anthony Trigg
|
0-0: Ball 1-0: Foul Ball, location: 2F 1-1: Ball 2-1: Ball 3-1: Base on Balls
|
Batting: RHB Víctor López
|
0-0: Ball 1-0: Called Strike 1-1: Ball 2-1: Swinging Strike 2-2: Ball 3-2: Foul Ball, location: 2F 3-2: TRIPLE (Line Drive, 78M) Cristián Cruz scores Bill Manning scores Anthony Trigg scores
|
Batting: RHB Armando Alvarado
|
0-0: Ball 1-0: Foul Ball, location: 2F 1-1: Swinging Strike 1-2: Ball 2-2: Foul Ball, location: 2F 2-2: Ball 3-2: Strikes out looking
|
Bottom of the 1st over - 6 run(s), 3 hit(s), 0 error(s), 1 left on base; Belvedere Park 1 - Asheville 6 |
TOP OF THE 2ND |
Belvedere Park Rawhides batting - Pitching for Asheville Highlanders : LHP Andy Hayden
|
Batting: RHB Michael Taylor
|
0-0: Fly out, F8 (Flyball, 8LM)
|
Batting: RHB Pedro Jiménez
|
0-0: Ball 1-0: Ball 2-0: Called Strike 2-1: Ball 3-1: Ground out 6-3 (Groundball, 6)
|
Batting: LHB Dinis Marcha
|
0-0: Ball 1-0: Called Strike 1-1: Called Strike 1-2: Foul Ball, location: 2F 1-2: Ball 2-2: SINGLE (Flyball, 7S)
|
Batting: LHB Gustavo Vázquez
|
0-0: Ball Wild Pitch! Dinis Marcha to second 1-0: Ball 2-0: Swinging Strike 2-1: Foul Ball, location: 2F 2-2: SINGLE (Groundball, 13) (infield hit) Dinis Marcha to third
|
Batting: RHB Ralph McKnight
|
0-0: Ball 1-0: Ball 2-0: Ball 3-0: Called Strike 3-1: Base on Balls Gustavo Vázquez to second
|
Batting: RHB Bob Sargent
|
0-0: Called Strike 0-1: Called Strike 0-2: Foul Ball, location: 2F 0-2: Ball 1-2: Hit by Pitch Dinis Marcha scores Gustavo Vázquez to third Ralph McKnight to second
|
Batting: LHB Christian Blair
|
0-0: Ground out 6-3 (Groundball, 6)
|
Top of the 2nd over - 1 run(s), 2 hit(s), 0 error(s), 3 left on base; Belvedere Park 2 - Asheville 6 |
BOTTOM OF THE 2ND |
Asheville Highlanders batting - Pitching for Belvedere Park Rawhides : RHP Timothy Jackson
|
Batting: SHB Craig Barnes
|
0-0: Ball 1-0: SINGLE (Line Drive, 8LS)
|
Batting: RHB Chris Oudekirk
|
0-0: Ball 1-0: Foul Ball, location: 2F 1-1: Called Strike 1-2: Strikes out swinging
|
Batting: LHB Robert Adams
|
0-0: TRIPLE (Flyball, 89D) Craig Barnes scores
|
Batting: SHB Chris Cordell
|
0-0: Called Strike 0-1: Ball 1-1: Ground out U3 (Groundball, 3)
|
Batting: RHB Cristián Cruz
|
0-0: Ball 1-0: Foul Ball, location: 2F 1-1: Ground out 6-3 (Groundball, 6M)
|
Bottom of the 2nd over - 1 run(s), 2 hit(s), 0 error(s), 1 left on base; Belvedere Park 2 - Asheville 7 |
TOP OF THE 3RD |
Belvedere Park Rawhides batting - Pitching for Asheville Highlanders : LHP Andy Hayden
|
Batting: SHB Phil Moore
|
0-0: Ball 1-0: Ball 2-0: Foul Ball, location: 2F 2-1: Ball 3-1: SINGLE (Line Drive, 89S)
|
Batting: SHB Ron Bunch
|
0-0: Ball 1-0: Ball 2-0: Called Strike 2-1: Foul Ball, location: 2F 2-2: SINGLE (Line Drive, 56D) Phil Moore to second
|
Batting: RHB Michael Taylor
|
0-0: Grounds into double play, 1-4-3 (Groundball, 15) Phil Moore to third
|
Batting: RHB Pedro Jiménez
|
0-0: Ball 1-0: Foul Ball, location: 2F 1-1: Ground out 4-3 (Groundball, 4)
|
Top of the 3rd over - 0 run(s), 2 hit(s), 0 error(s), 1 left on base; Belvedere Park 2 - Asheville 7 |
BOTTOM OF THE 3RD |
Asheville Highlanders batting - Pitching for Belvedere Park Rawhides : RHP Timothy Jackson
|
Pitching: RHP Jim Unknown
|
|
Batting: RHB Bill Manning
|
0-0: Ball 1-0: Ball 2-0: Ball 3-0: Base on Balls
|
Batting: LHB Anthony Trigg
|
0-0: Foul Ball, location: 2F 0-1: Ball 1-1: Called Strike 1-2: Ball 2-2: Ball 3-2: Strikes out looking
|
Batting: RHB Víctor López
|
0-0: Called Strike 0-1: Fly out, F8 (Flyball, 8LM)
|
Batting: RHB Armando Alvarado
|
Pickoff Throw to First - Out!
|
Bottom of the 3rd over - 0 run(s), 0 hit(s), 0 error(s), 0 left on base; Belvedere Park 2 - Asheville 7 |
TOP OF THE 4TH |
Belvedere Park Rawhides batting - Pitching for Asheville Highlanders : LHP Andy Hayden
|
Batting: LHB Dinis Marcha
|
0-0: Ball 1-0: Ball 2-0: Ball 3-0: Base on Balls
|
Batting: LHB Gustavo Vázquez
|
0-0: Foul Ball, location: 2F 0-1: Ball 1-1: SINGLE (Line Drive, 9LS) Dinis Marcha to second
|
Batting: RHB Ralph McKnight
|
0-0: Ball 1-0: Swinging Strike 1-1: Ball 2-1: Foul Ball, location: 2F 2-2: Ball 3-2: Fly out, F8 (Flyball, 8LXD) Runner from 2nd tags up, SAFE at 3rd, no throw
|
Batting: RHB Bob Sargent
|
0-0: Called Strike Gustavo Vázquez steals 2nd base 0-1: Ground out 5-3 (Groundball, 56S) Dinis Marcha scores Gustavo Vázquez to third
|
Batting: LHB Christian Blair
|
0-0: Swinging Strike 0-1: Ball 1-1: Called Strike 1-2: Ball 2-2: Ball 3-2: Base on Balls
|
Batting: SHB Phil Moore
|
0-0: Fly out, F4 (Popup, 4D)
|
Top of the 4th over - 1 run(s), 1 hit(s), 0 error(s), 2 left on base; Belvedere Park 3 - Asheville 7 |
BOTTOM OF THE 4TH |
Asheville Highlanders batting - Pitching for Belvedere Park Rawhides : RHP Jim Unknown
|
Batting: RHB Armando Alvarado
|
0-0: Foul Ball, location: 2F 0-1: Ground out 5-3 (Groundball, 5S)
|
Batting: SHB Craig Barnes
|
0-0: Called Strike 0-1: Swinging Strike 0-2: Strikes out swinging
|
Batting: RHB Chris Oudekirk
|
0-0: Swinging Strike 0-1: Ball 1-1: Ball 2-1: Fly out, F5 (Popup, 15)
|
Bottom of the 4th over - 0 run(s), 0 hit(s), 0 error(s), 0 left on base; Belvedere Park 3 - Asheville 7 |
TOP OF THE 5TH |
Belvedere Park Rawhides batting - Pitching for Asheville Highlanders : LHP Andy Hayden
|
Batting: SHB Ron Bunch
|
0-0: Foul Ball, location: 2F 0-1: SINGLE (Groundball, 56D)
|
Batting: RHB Michael Taylor
|
0-0: Ball 1-0: Foul Ball, location: 2F 1-1: Swinging Strike 1-2: Ball 2-2: Ball 3-2: Base on Balls Ron Bunch to second
|
Batting: RHB Pedro Jiménez
|
0-0: Ball 1-0: Fly out, F4 (Line Drive, 4)
|
Batting: LHB Dinis Marcha
|
0-0: Called Strike 0-1: Grounds into double play, 1-6-3 (Groundball, 15)
|
Top of the 5th over - 0 run(s), 1 hit(s), 0 error(s), 1 left on base; Belvedere Park 3 - Asheville 7 |
BOTTOM OF THE 5TH |
Asheville Highlanders batting - Pitching for Belvedere Park Rawhides : RHP Jim Unknown
|
Batting: LHB Robert Adams
|
0-0: Called Strike 0-1: Ball 1-1: Ball 2-1: Called Strike 2-2: Ball 3-2: Strikes out looking
|
Batting: SHB Chris Cordell
|
0-0: Foul Ball, location: 2F 0-1: Ball 1-1: Foul Ball, location: 2F 1-2: Ball 2-2: Foul Ball, location: 2F 2-2: Strikes out swinging
|
Batting: RHB Cristián Cruz
|
0-0: Ball 1-0: Ball 2-0: Ground out 5-3 (Groundball, 56)
|
Bottom of the 5th over - 0 run(s), 0 hit(s), 0 error(s), 0 left on base; Belvedere Park 3 - Asheville 7 |
TOP OF THE 6TH |
Belvedere Park Rawhides batting - Pitching for Asheville Highlanders : LHP Andy Hayden
|
Batting: LHB Gustavo Vázquez
|
0-0: Ball 1-0: Ground out 4-3 (Groundball, 34)
|
Batting: RHB Ralph McKnight
|
0-0: Swinging Strike 0-1: Ball 1-1: Swinging Strike 1-2: Fly out, F8 (Flyball, 8LM)
|
Batting: RHB Bob Sargent
|
0-0: Ball 1-0: Ground out 5-3 (Groundball, 56S)
|
Top of the 6th over - 0 run(s), 0 hit(s), 0 error(s), 0 left on base; Belvedere Park 3 - Asheville 7 |
BOTTOM OF THE 6TH |
Asheville Highlanders batting - Pitching for Belvedere Park Rawhides : RHP Jim Unknown
|
Batting: RHB Bill Manning
|
0-0: Ball 1-0: Ball 2-0: Fly out, F9 (Line Drive, 9M)
|
Batting: LHB Anthony Trigg
|
0-0: Foul Ball, location: 2F 0-1: Ball 1-1: Ball 2-1: Ball 3-1: Fly out, F8 (Flyball, 8RM)
|
Batting: RHB Víctor López
|
0-0: Called Strike 0-1: Foul Ball, location: 2F 0-2: Ball 1-2: Ball 2-2: Ground out 4-3 (Groundball, 4)
|
Bottom of the 6th over - 0 run(s), 0 hit(s), 0 error(s), 0 left on base; Belvedere Park 3 - Asheville 7 |
TOP OF THE 7TH |
Belvedere Park Rawhides batting - Pitching for Asheville Highlanders : LHP Andy Hayden
|
Batting: LHB Christian Blair
|
0-0: Called Strike 0-1: Foul Ball, location: 2F 0-2: Ground out 4-3 (Groundball, 34)
|
Batting: SHB Phil Moore
|
0-0: Ball 1-0: Ball 2-0: Ball 3-0: Base on Balls
|
Pitching: RHP Norberto Hernández
|
|
Batting: SHB Ron Bunch
|
0-0: Called Strike 0-1: Ball 1-1: Foul Ball, location: 2F 1-2: SINGLE (Groundball, 34D) Phil Moore to second Runner from 2nd tries for 3rd, SAFE, no throw or cutoff
|
Batting: RHB Michael Taylor
|
0-0: Ball Ron Bunch steals 2nd base 1-0: Ball 2-0: Foul Ball, location: 2F 2-1: Foul Ball, location: 2F 2-2: Ball 3-2: Foul Ball, location: 2F 3-2: Fly out, F5 (Line Drive, 5)
|
Batting: RHB Pedro Jiménez
|
0-0: Called Strike 0-1: Ball 1-1: DOUBLE (Line Drive, 7LM) Phil Moore scores Ron Bunch scores
|
Batting: LHB Dinis Marcha
|
0-0: Foul Ball, location: 2F 0-1: Ball 1-1: Ball 2-1: Foul Ball, location: 2F 2-2: Strikes out swinging
|
Top of the 7th over - 2 run(s), 2 hit(s), 0 error(s), 1 left on base; Belvedere Park 5 - Asheville 7 |
BOTTOM OF THE 7TH |
Asheville Highlanders batting - Pitching for Belvedere Park Rawhides : RHP Jim Unknown
|
Batting: RHB Armando Alvarado
|
0-0: Ball 1-0: Foul Ball, location: 2F 1-1: Fly out, F8 (Flyball, 8LM)
|
Pitching: RHP Jim Unknown
|
|
Batting: SHB Craig Barnes
|
0-0: Fly out, F9 (Flyball, 9M)
|
Batting: RHB Chris Oudekirk
|
0-0: Called Strike 0-1: Ball 1-1: Ball 2-1: Called Strike 2-2: Strikes out swinging
|
Bottom of the 7th over - 0 run(s), 0 hit(s), 0 error(s), 0 left on base; Belvedere Park 5 - Asheville 7 |
TOP OF THE 8TH |
Belvedere Park Rawhides batting - Pitching for Asheville Highlanders : RHP Norberto Hernández
|
Batting: LHB Gustavo Vázquez
|
0-0: Ball 1-0: Ball 2-0: Called Strike 2-1: Reached on error, E4 (Groundball, 4)
|
Pitching: RHP Michael Brown
|
|
Batting: RHB Ralph McKnight
|
0-0: Swinging Strike 0-1: Ground out 5-3 (Groundball, 5)
|
Batting: RHB Bob Sargent
|
0-0: Foul Ball, location: 2F 0-1: Ball 1-1: Foul Ball, location: 2F 1-2: Foul Ball, location: 2F 1-2: Ground out 5-3 (Groundball, 56)
|
Batting: LHB Christian Blair
|
0-0: Ball 1-0: Ground out 4-3 (Groundball, 4)
|
Top of the 8th over - 0 run(s), 0 hit(s), 1 error(s), 1 left on base; Belvedere Park 5 - Asheville 7 |
BOTTOM OF THE 8TH |
Asheville Highlanders batting - Pitching for Belvedere Park Rawhides : RHP Jim Unknown
|
Batting: LHB Robert Adams
|
0-0: Called Strike 0-1: Swinging Strike 0-2: Foul Ball, location: 2F 0-2: Ground out 1-3 (Groundball, 15)
|
Batting: SHB Chris Cordell
|
0-0: Ball 1-0: Called Strike 1-1: Ball 2-1: Foul Ball, location: 2F 2-2: Fly out, F4 (Popup, 4D)
|
Batting: RHB Cristián Cruz
|
0-0: Ball 1-0: Called Strike 1-1: Foul Ball, location: 2F 1-2: Ball 2-2: Ball 3-2: Ground out 5-3 (Groundball, 56S)
|
Bottom of the 8th over - 0 run(s), 0 hit(s), 0 error(s), 0 left on base; Belvedere Park 5 - Asheville 7 |
TOP OF THE 9TH |
Belvedere Park Rawhides batting - Pitching for Asheville Highlanders : RHP Michael Brown
|
Pitching: RHP Roberto Cabrera
|
|
Batting: SHB Phil Moore
|
0-0: Fly out, F7 (Flyball, 78M)
|
Batting: SHB Ron Bunch
|
0-0: Ball 1-0: Called Strike 1-1: Swinging Strike 1-2: Strikes out looking
|
Batting: RHB Michael Taylor
|
0-0: Ball 1-0: Ball 2-0: Ball 3-0: Base on Balls
|
Pinch Hitting: RHB Tom Strickland
|
0-0: Foul Ball, location: 2F 0-1: Swinging Strike 0-2: Ball 1-2: SINGLE (Line Drive, 34D) Michael Taylor to second
|
Batting: LHB Dinis Marcha
|
0-0: Ball 1-0: Called Strike 1-1: Ball Wild Pitch! Michael Taylor to third Tom Strickland to second 2-1: Ball 3-1: Fly out, F4 (Popup, 3D)
|
Top of the 9th over - 0 run(s), 1 hit(s), 0 error(s), 2 left on base; Belvedere Park 5 - Asheville 7 |
|